Map: Ulrena

Players

Jhyrachy - Winner!

  • Race: Zerg Zerg
  • League: Gold

DrowNoOb

  • Race: Protoss Protoss

VOD

Have the link to the VOD?

Description

Time

  • Played on: April 19, 2016, 7 p.m.
  • Length: 8:40
Show
View Real Time Build Order
Export as new Build Order

Jhyrachy Zerg - Winner!

Build Orders: 3 Hatch before Pool 

Get SALT Encoding   

  12  0:01  Drone  
  13  0:08  Drone  
  14  0:17  Overlord  
  14  0:35  Drone  
  14  0:36  Drone x2  
  17  0:56  Drone  
  18  0:58  Hatchery  
  18  1:01  Drone  
  18  1:31  Hatchery  
  17  1:34  Spawning Pool  
  16  1:46  Drone  
  17  1:48  Extractor  
  17  1:49  Drone  
  17  1:50  Drone  
  18  1:57  Overlord  
  18  2:13  Drone x2  
  20  2:21  Queen x2  
  24  2:25  Zergling x2  
  24  2:28  Drone  
  26  2:33  Drone  
  26  2:34  Drone  
  28  2:48  Queen  
  28  2:50  Drone  
  28  2:51  Drone x2  
  33  3:31  Drone  
  33  3:32  Drone x3  
  33  3:33  Drone x3  
  33  3:34  Drone  
  41  3:38  Extractor  
  41  3:39  Drone x2  
  41  3:40  Extractor  
  41  3:41  Lair  
  41  4:10  Evolution Chamber  
  41  4:13  Roach Warren  
  39  4:36  Zerg Missile Weapons Level 1  
  39  4:47  Spore Crawler  
  39  4:50  Spore Crawler  
  37  4:57  Roach x2  
  37  4:59  Overlord x2  
  41  5:00  Overlord x2  
  41  5:04  Glial Reconstitution  
  41  5:11  Extractor  
  40  5:15  Drone x2  
  40  5:16  Overlord x3  
  40  5:19  Roach x4  
  40  5:20  Roach x9  
  68  5:29  Queen  
  70  5:44  Overseer  
  70  5:52  Drone  
  70  5:53  Drone x9  
  80  6:03  Ravager x5  
  79  7:39  Roach  
  79  7:40  Roach x8  
  79  7:41  Overlord x2  
  79  7:42  Overlord x2  
Show
View Real Time Build Order
Export as new Build Order

DrowNoOb Protoss 

Build Orders: Double Forge 

Get SALT Encoding   

  12  0:03  Probe (Chrono Boost)  
  13  0:14  Probe (Chrono Boost)  
  14  0:23  Pylon  
  14  0:31  Probe (Chrono Boost)  
  15  0:42  Probe (Chrono Boost)  
  16  0:44  Gateway  
  16  0:48  Assimilator  
  16  0:53  Probe (Chrono Boost)  
  17  1:03  Pylon  
  18  1:11  Probe (Chrono Boost)  
  18  1:22  Probe (Chrono Boost)  
  19  1:26  Pylon  
  19  1:58  Assimilator  
  19  2:01  Nexus  
  19  2:14  Cybernetics Core  
  19  2:15  Pylon  
  19  2:30  Zealot (Chrono Boost)  
  21  2:40  Probe  
  22  2:52  Probe  
  22  2:55  Zealot (Chrono Boost)  
  22  2:57  Warp Gate  
  25  3:04  Probe  
  26  3:12  Forge  
  26  3:17  Probe  
  27  3:28  Probe  
  27  3:29  Probe  
  29  3:39  Probe  
  29  3:41  Probe  
  31  3:45  Pylon  
  31  3:50  Probe  
  31  3:53  Probe  
  33  3:56  Photon Cannon  
  33  4:00  Probe  
  34  4:05  Probe  
  35  4:10  Mothership Core  
  37  4:29  Probe  
  38  4:36  Gateway  
  38  4:37  Gateway  
  38  4:39  Gateway  
  38  4:40  Probe  
  38  4:41  Gateway  
  39  4:50  Probe  
  39  4:52  Forge  
  40  4:57  Assimilator  
  40  4:59  Assimilator  
  40  5:15  Stalker  
  42  5:38  Robotics Facility  
  42  5:44  Stalker x4  
  42  5:45  Stalker  
  52  5:54  Probe  
  53  5:59  Probe  
  54  6:04  Probe  
  54  6:11  Probe  
  56  6:15  Probe  
  56  6:18  Pylon  
  57  6:20  Pylon  
  57  6:23  Probe, Stargate  
  58  6:26  Twilight Council  
  58  6:27  Probe  
  59  6:39  Sentry x2  
  57  6:40  Sentry  
  49  6:47  Stalker  
  41  7:05  Sentry x2  
  45  7:10  Stalker  
  37  7:38  Mothership Core  
  32  8:08  Stalker  
  32  8:09  Stalker  
  32  8:10  Stalker  
  31  8:16  Stalker  
Tags
 
Add a new tag
Caveats
  • Supply blocks, unpowered buildings, or Contaminate may cause inaccurate times.
  • Supply counts are checked every 10 seconds.